Map: Dusk Towers

Players

ILLBdA - Winner!

  • Race: Protoss Protoss
  • League: Diamond

lllllll

  • Race: Protoss Protoss
  • League: Platinum

VOD

Have the link to the VOD?

Description

Time

  • Played on: Jan. 2, 2016, 6:57 a.m.
  • Length: 3:51
Show
View Real Time Build Order
Export as new Build Order

ILLBdA Protoss - Winner!

Build Orders:  

Get SALT Encoding   

  12  0:01  Probe (Chrono Boost)  
  13  0:11  Probe (Chrono Boost)  
  14  0:18  Pylon  
  14  0:22  Probe (Chrono Boost)  
  15  0:36  Probe (Chrono Boost)  
  15  0:40  Pylon  
  16  1:00  Gateway  
  16  1:02  Gateway  
  16  1:13  Gateway  
  17  1:20  Assimilator  
  16  1:49  Cybernetics Core  
  16  1:51  Zealot (Chrono Boost)  
  16  1:52  Zealot (Chrono Boost)  
  20  2:02  Pylon  
  20  2:04  Zealot (Chrono Boost)  
  24  2:36  Stalker x2 (Chrono Boost)  
  26  2:46  Stalker (Chrono Boost)  
  28  3:06  Stalker (Chrono Boost)  
  26  3:18  Adept (Chrono Boost)  
  27  3:21  Adept (Chrono Boost)  
Show
View Real Time Build Order
Export as new Build Order

lllllll Protoss 

Build Orders:  

Get SALT Encoding   

  12  0:01  Probe (Chrono Boost)  
  13  0:14  Pylon  
  13  0:19  Probe (Chrono Boost)  
  14  0:30  Probe (Chrono Boost)  
  15  0:38  Gateway  
  15  0:41  Probe (Chrono Boost)  
  16  0:51  Assimilator  
  16  0:52  Probe (Chrono Boost)  
  17  1:02  Probe (Chrono Boost)  
  18  1:14  Probe (Chrono Boost)  
  19  1:21  Pylon  
  19  1:24  Probe (Chrono Boost)  
  20  1:31  Assimilator  
  20  1:39  Probe (Chrono Boost)  
  21  1:45  Cybernetics Core  
  21  1:49  Probe (Chrono Boost)  
  21  1:50  Assimilator  
  21  1:52  Pylon  
  22  2:02  Probe (Chrono Boost)  
  22  2:07  Zealot  
  25  2:16  Pylon  
  25  2:19  Pylon  
  25  2:20  Pylon  
  25  2:22  Pylon  
  25  2:26  Mothership Core (Chrono Boost)  
  27  2:35  Adept (Chrono Boost)  
  29  2:45  Probe  
  28  3:00  Probe, Adept (Chrono Boost)  
  29  3:21  Gateway  
  29  3:23  Gateway  
  29  3:29  Cybernetics Core  
  27  3:42  Gateway  
Tags
 
Matchup
PvP
Replay Pack
me
Add a new tag
Caveats
  • Supply blocks, unpowered buildings, or Contaminate may cause inaccurate times.
  • Supply counts are checked every 10 seconds.